AoeStats
← fat_dgk

Lombardia

509808671Analyzed
4v4 RM · 3d ago on Sep 28, 2026· 39m 31s· 8 players
Game mode
Random Map
Map size
Large (8 player)
Population
200
Speed
Normal
Resources
Standard
Victory
Conquest
Starting age
Dark Age
Ending age
Imperial Age
RankedLock teamsTeams togetherTeam positionsShared explorationLock speedFull tech treeHidden civsTurbo modeCheats
Victory
Defeat
🇨🇳 Mongols · China
1244
+13
🇨🇳 Britons · China
1230
+14
🇦🇷 Koreans · Argentina
1165
+16
🇳🇿 Persians · New Zealand
1153
+18
🇨🇱 Berbers · Chile
1189
-16
🇺🇸 Ethiopians · United States
1188
-15
🇺🇸 Saxons · United States
1171
-15
🇲🇽 Varangians · Mexico
1167
-15
notjason
11:00 Feudal Age
11:49 Double-Bit Axe
15:47 Castle Age
19:40 Bow Saw
20:47 Fletching
23:43 Crossbowman
25:25 Bodkin Arrow
27:42 Ballistics
28:59 Horse Collar
29:31 Padded Archer Armor
29:21 Town Watch
29:22 Loom
30:13 Wheelbarrow
35:22 Imperial Age
36:32 Conscription
36:14 Bracer
35:36 Arbalester
37:48 Chemistry
37:37 Leather Archer Armor
Eschaton
9:01 Loom
10:47 Feudal Age
15:44 Castle Age
14:15 Double-Bit Axe
16:13 Fletching
25:58 Horse Collar
27:51 Crossbowman
29:11 Padded Archer Armor
33:31 Thumb Ring
33:42 Leather Archer Armor
35:14 Ballistics
35:34 Bow Saw
35:45 Bodkin Arrow
37:11 Pikeman
preCoss
10:30 Feudal Age
11:45 Loom
14:23 Castle Age
12:44 Double-Bit Axe
15:15 Bow Saw
15:22 Fletching
20:31 Bodkin Arrow
21:02 Horse Collar
21:36 Padded Archer Armor
23:31 Leather Archer Armor
24:38 Heavy Plow
25:55 Gold Mining
27:35 Ballistics
31:33 Imperial Age
29:50 Wheelbarrow
30:23 Scale Mail Armor
30:15 Pikeman
31:21 Chain Mail Armor
31:10 Squires
30:55 Gambesons
30:56 Arson
31:53 Halberdier
34:15 Plate Mail Armor
34:52 Hand Cart
35:45 Two-Man Saw
35:31 Crop Rotation
35:17 Forging
34:37 Elite Skirmisher
37:27 Iron Casting
37:39 Bracer
39:32 Blast Furnace
fat_dgk
6:02 Loom
11:35 Feudal Age
16:04 Castle Age
14:25 Double-Bit Axe
15:20 Horse Collar
22:55 Fletching
25:09 Bow Saw
27:29 Wheelbarrow
27:14 Kasbah
28:41 Ballistics
32:15 Imperial Age
30:39 Bodkin Arrow
30:45 Padded Archer Armor
32:46 Leather Archer Armor
32:45 Bloodlines
32:36 Husbandry
34:10 Thumb Ring
34:17 Bracer
34:48 Ring Archer Armor
35:34 Chemistry
35:21 Elite Camel Archer
36:22 Conscription
33min
9:20 Loom
11:06 Feudal Age
12:58 Double-Bit Axe
16:03 Castle Age
16:10 Horse Collar
19:38 Bow Saw
23:53 Heavy Plow
25:53 Wheelbarrow
25:31 Stone Mining
25:31 Gold Mining
30:17 Imperial Age
28:05 Hand Cart
28:12 Ballistics
27:18 Elite Skirmisher
29:12 Gold Shaft Mining
29:50 Fletching
30:14 Town Watch
31:28 Conscription
32:16 Chemistry
31:22 Padded Archer Armor
31:19 Bodkin Arrow
32:33 Two-Man Saw
31:58 Pikeman
32:40 Bracer
32:56 Leather Archer Armor
32:53 Forging
32:45 Scale Mail Armor
32:31 Elite Longbowman
34:32 Yeomen
34:47 Ring Archer Armor
34:12 Arrowslits
34:19 Guard Tower
34:11 Treadmill Crane
34:20 Arrowslits
34:47 Masonry
34:29 Guard Tower
34:35 Murder Holes
36:37 Iron Casting
36:18 Chain Mail Armor
37:20 Keep
37:17 Architecture
36:43 Murder Holes
37:01 Caravan
40:13 Hoardings
40:05 Guilds
Nitsuga
11:06 Feudal Age
14:40 Castle Age
13:13 Double-Bit Axe
16:10 Loom
17:19 Fletching
17:29 Town Watch
18:02 Bow Saw
17:35 Horse Collar
17:49 Gold Mining
18:45 Bodkin Arrow
21:19 Ballistics
25:26 Thumb Ring
26:39 Wheelbarrow
29:12 Hand Cart
32:44 Gold Shaft Mining
34:09 Husbandry
37:44 Imperial Age
35:56 Horse Collar
37:45 Heavy Cavalry Archer
38:31 Bracer
39:09 Conscription
飞鱼
0:42 Loom
10:12 Feudal Age
12:35 Double-Bit Axe
18:00 Bloodlines
21:48 Castle Age
20:21 Bloodlines
21:50 Horse Collar
28:59 Wheelbarrow
29:22 Nomads
32:54 Fletching
36:20 Imperial Age
36:24 Bow Saw
38:22 Drill
38:25 Conscription
38:36 Heavy Scorpion
scrawnny12
8:38 Loom
10:57 Feudal Age
12:20 Double-Bit Axe
14:53 Castle Age
13:40 Horse Collar
15:59 Bow Saw
21:34 Wheelbarrow
22:25 Heavy Plow
29:12 Imperial Age
27:05 Hand Cart
27:54 Scale Barding Armor
27:59 Forging
28:37 Bloodlines
29:03 Chain Barding Armor
28:47 Husbandry
28:48 Gold Mining
30:23 Iron Casting
29:10 Cavalier
31:26 Savar
32:47 Plate Barding Armor
33:12 Blast Furnace
33:34 Blast Furnace
34:17 Gold Shaft Mining
33:35 Stone Mining
35:51 Conscription
Connection lost

Rejoining the realm…

Still unreachable

The connection could not be restored.

Session expired

The server has moved on; the page needs a fresh start.